Map: 포트 알렉산더 - 래더

Players

Maru - Winner!

  • Race: Terran Terran
  • League: Master
  • Spawn Location: 5:00

True

  • Race: Zerg Zerg
  • League: Grandmaster
  • Spawn Location: 11:00

Event: IEM Season 13 - Katowice Server Qualifiers America

VOD

Have the link to the VOD?

Description

Time

  • Played on: Jan. 6, 2019, 5:16 p.m.
  • Length: 8:03

All games in this series

Show
View Real Time Build Order
Export as new Build Order

Maru Terran - Winner!

Build Orders: Gas First Reaper Expand, Hellion Banshee 

Get SALT Encoding   

  12  0:00  SCV  
  13  0:13  SCV  
  14  0:17  Supply Depot  
  14  0:25  SCV  
  15  0:31  Refinery  
  15  0:39  SCV  
  16  0:45  Barracks  
  16  0:51  SCV  
  17  1:03  SCV  
  18  1:15  SCV  
  19  1:32  Reaper, Orbital Command  
  20  1:44  Command Center  
  20  1:58  SCV  
  21  2:02  Factory  
  21  2:09  Barracks Reactor  
  21  2:10  SCV  
  22  2:18  Refinery, Supply Depot  
  22  2:22  SCV  
  23  2:40  SCV  
  24  2:47  Starport  
  24  2:52  Hellion x2  
  24  2:55  SCV  
  29  2:59  Orbital Command  
  29  3:07  SCV  
  30  3:16  Hellion  
  30  3:17  Hellion  
  30  3:19  SCV  
  35  3:25  SCV  
  35  3:26  Starport Tech Lab  
  36  3:27  Marine  
  37  3:39  Hellion  
  40  3:45  Marine, Banshee  
  40  3:57  Hellion  
  40  3:59  SCV  
  37  4:08  SCV  
  32  4:14  Barracks Reactor  
  27  4:21  Factory Tech Lab  
  27  4:27  SCV  
  27  4:31  SCV  
  24  4:39  SCV  
  24  4:43  SCV  
  24  4:51  SCV  
  24  4:52  Marine x2  
  25  4:55  Factory Tech Lab, SCV  
  25  4:58  Banshee  
  30  5:02  Cloaking Field  
  30  5:03  SCV  
  31  5:07  Supply Depot  
  31  5:12  Marine x2  
  33  5:16  SCV x2  
  35  5:22  Siege Tank  
  38  5:32  SCV  
  38  5:33  SCV  
  40  5:38  Marine x2  
  40  5:40  Supply Depot  
  42  5:46  SCV  
  42  5:52  SCV  
  42  5:54  Siege Tank  
  46  6:02  Marine x2, SCV, Banshee  
  52  6:04  Supply Depot  
  52  6:14  SCV  
  52  6:19  Marine x2  
  52  6:23  SCV  
  54  6:26  SCV  
  54  6:27  Siege Tank  
  58  6:34  Supply Depot  
  58  6:35  SCV  
  58  6:38  SCV  
  60  6:46  Banshee  
  61  6:47  SCV  
  62  6:55  Marine x2, SCV, Supply Depot  
  65  7:01  SCV  
  65  7:04  Siege Tank  
  65  7:08  SCV  
  70  7:17  SCV  
  70  7:20  SCV  
  70  7:22  Marine x2  
  68  7:34  SCV  
  69  7:39  SCV  
  69  7:40  Marine x2  
  69  7:42  Supply Depot  
  69  8:00  Command Center  
Show
View Real Time Build Order
Export as new Build Order

True Zerg 

Build Orders: Pool First 

Get SALT Encoding   

  12  0:00  Drone  
  13  0:13  Overlord  
  13  0:18  Drone  
  14  0:32  Drone x2  
  16  0:37  Drone  
  16  0:42  Extractor  
  16  0:50  Spawning Pool  
  16  0:51  Drone  
  16  0:57  Drone  
  17  1:18  Hatchery  
  17  1:23  Drone  
  17  1:37  Zergling x4  
  19  1:44  Roach Warren  
  18  1:47  Extractor  
  18  1:50  Drone  
  18  1:55  Overlord  
  18  2:24  Roach  
  18  2:25  Roach x2  
  23  2:30  Roach  
  23  2:35  Roach  
  27  2:41  Roach  
  29  2:45  Ravager x2  
  29  2:51  Ravager  
  32  3:00  Roach  
  32  3:04  Roach  
  35  3:16  Overlord  
  36  3:20  Ravager  
  36  3:39  Roach x2  
  40  3:45  Roach  
  42  3:51  Roach  
  32  4:14  Roach x3  
  34  4:34  Drone  
  34  4:35  Drone x4  
  37  4:38  Drone  
  36  4:47  Drone x2  
  36  4:55  Burrow  
  36  4:57  Drone  
  36  4:59  Drone  
  36  5:07  Queen  
  36  5:10  Drone  
  36  5:13  Spore Crawler  
  38  5:18  Spore Crawler  
  37  5:25  Roach  
  39  5:29  Drone x2  
  39  5:30  Drone  
  42  5:37  Spore Crawler  
  41  5:49  Queen  
  43  5:50  Drone  
  43  5:52  Overlord  
  44  6:01  Overlord  
  44  6:05  Overlord  
  44  6:06  Overlord  
  44  6:09  Roach x3  
  44  6:11  Roach  
  44  6:18  Roach  
  44  6:24  Roach  
  44  6:29  Drone x3  
  44  6:30  Drone x2  
  41  6:33  Roach x2  
  41  6:35  Queen  
  47  6:40  Roach x2  
  47  6:42  Roach  
  53  6:49  Roach  
  53  6:50  Queen  
  55  6:54  Roach  
  55  6:56  Ravager x3  
  60  7:02  Spore Crawler  
  60  7:04  Ravager  
  60  7:13  Overlord  
  60  7:14  Overlord x2  
  56  7:35  Drone  
  56  7:36  Drone x6  

Tags
 
Add a new tag
Caveats
  • Supply blocks, unpowered buildings, or Contaminate may cause inaccurate times.
  • Supply counts are checked every 10 seconds.